 Dungeon Crawl Stone Soup version 0.27.1-33-g824d729ab1 (webtiles) character file.

Game seed: 7873833857854487982

6759 hilljack the Geomancer (level 11, 0/48 HPs)
             Began as a Gargoyle Earth Elementalist on Nov 28, 2021.
             Was a Priest of Vehumet.
             Slain by a komodo dragon (9 damage)
             ... on level 1 of the Lair of Beasts.
             The game lasted 00:35:12 (14398 turns).

hilljack the Geomancer (GrEE)                      Turns: 14398, Time: 00:35:13

Health: 0/48       AC: 12    Str: 12    XL:     11   Next: 4%
Magic:  0/21       EV: 11    Int: 19    God:    Vehumet [***...]
Gold:   57         SH:  0    Dex: 10    Spells: 2/23 levels left

rFire    . . .     SeeInvis .   a - +3 dagger (venom)
rCold    . . .     Faith    .   (no shield)
rNeg     + . .     Spirit   +   h - +0 robe
rPois    ∞         Reflect  .   (no helmet)
rElec    +         Harm     .   (no cloak)
rCorr    .         Rampage  .   e - +0 pair of gloves
Will     .....                  d - +0 pair of boots
Stlth    +++.......             f - amulet of guardian spirit
HPRegen  0.16/turn              (no ring)
MPRegen  0.17/turn              (no ring)

@: no status effects
A: sickness immunity, AC +8, negative energy resistance 1, electricity
resistance, torment resistance 1, petrification resistance, frail 1
a: Renounce Religion


You were on level 1 of the Lair of Beasts.
You worshipped Vehumet.
Vehumet was most pleased with you.
You visited 3 branches of the dungeon, and saw 10 of its levels.
You also visited: Bailey.

You collected 377 gold pieces.
You spent 320 gold pieces at shops.

Inventory:

Hand Weapons
 a - a +3 dagger of venom (weapon)
 b - a +0 shortbow of flaming
Missiles
 c - 199 stones
 g - 36 poisoned darts
 j - 164 arrows
Armour
 d - a +0 pair of boots (worn)
 e - a +0 pair of gloves (worn)
 h - a +0 robe (worn)
 w - a +1 helmet of intelligence
Jewellery
 f - an amulet of guardian spirit (around neck)
Wands
 n - a wand of iceblast (2)
 v - a wand of flame (17)
Scrolls
 i - 4 scrolls of teleportation
 l - a scroll of immolation
 q - a scroll of blinking
 r - a scroll of summoning
 y - a scroll of magic mapping
 z - a scroll of identify
Potions
 k - 2 potions of berserk rage
 m - 2 potions of resistance
 o - 2 potions of curing
 p - a potion of heal wounds
 t - 2 potions of flight
 u - a potion of lignification


   Skills:
 + Level 4.8 Short Blades
 - Level 1.5 Dodging
 + Level 6.9 Stealth
 - Level 6.8 Spellcasting
 - Level 8.1 Conjurations
 - Level 5.3 Transmutations
 - Level 10.2 Earth Magic


You had 2 spell levels left.
You knew the following spells:

 Your Spells              Type           Power      Damage    Failure   Level
a - Sandblast             Erth           90%        2d19      1%          1
b - Passwall              Tmut/Erth      30%        N/A       1%          2
c - Stone Arrow           Conj/Erth      82%        3d12      1%          3
d - Petrify               Tmut/Erth      36%        N/A       4%          4
e - Leda's Liquefaction   Hex/Erth       13%        N/A       12%         4
f - Bolt of Magma         Conj/Fire/Erth 14%        4d8       6%          5
g - Searing Ray           Conj           74%        3d6       1%          2

Your spell library contained the following spells:

 Spells                   Type           Power      Damage    Failure   Level
 Frozen Ramparts          Ice            12%        1d3       9%          3
 Gell's Gravitas          Tloc           3%         N/A       30%         3
 Lesser Beckoning         Tloc           3%         N/A       30%         3
 Teleport Other           Tloc           6%         N/A       30%         3
 Ice Form                 Ice/Tmut       16%        N/A       34%         4
 Passage of Golubria      Tloc           N/A        N/A       71%         4
 Summon Ice Beast         Ice/Summ       6%         N/A       71%         4
 Silence                  Hex/Air        3%         N/A       96%         5
 Lehudib's Crystal Spear  Conj/Erth      20%        10d6      97%         8
 Statue Form              Tmut/Erth      Unusable   N/A       N/A         6

Dungeon Overview and Level Annotations

Branches:
Dungeon (8/15)             Temple (1/1) D:5            Lair (1/6) D:8
 Bailey (visited)

Altars:
Ashenzari
Cheibriados
Dithmenos
Elyvilon
Fedhas
Gozag
Kikubaaqudgha
Makhleb
Nemelex Xobeh
Okawaru
Qazlal
Ru
Sif Muna
Trog
Uskayaw
Vehumet
Xom
Yredelemnul
Zin
The Shining One

Shops:
D:2 *   D:7 *   D:8 [

Annotations:
D:4 exclusion: statue


Innate Abilities, Weirdness & Mutations

You are immune to sickness and miasma.
Your stone body is resilient. (AC +8)
You are immune to poison.
You resist negative energy. (rN+)
You are resistant to electric shocks. (rElec)
You are resistant to unholy torment.
You are immune to petrification.
You are frail. (-10% HP)


Message History

There is a staircase back to the Dungeon here.
A komodo dragon is nearby!
You climb upwards.
Welcome back to the Dungeon!
There is a staircase to the Lair here.
You climb downwards.
Welcome back to the Lair of Beasts!
There is a staircase back to the Dungeon here.
The helpless komodo dragon fails to defend itself.
You impale the komodo dragon!!
The komodo dragon looks as sick as possible!
The komodo dragon is severely wounded.
The komodo dragon bites you.
Casting: Stone Arrow (safe; 1% risk of failure)
Confirm with . or Enter, or press ? or * to list all spells.
Aiming: Petrify (dangerous; 4% risk of failure)
Press: ? - help, Shift-Dir - straight line, f - komodo dragon
Aim: a komodo dragon (severely wounded, extremely poisoned, chance to affect: 47%)
The komodo dragon is moving more slowly.
The komodo dragon bites you!!
Casting: Petrify (dangerous; 4% risk of failure)
Confirm with . or Enter, or press ? or * to list all spells.
Aiming: Stone Arrow (safe; 1% risk of failure)
Press: ? - help, Shift-Dir - straight line, f/p - komodo dragon
Aim: a komodo dragon (severely wounded, petrifying slowly, extremely poisoned, 100% to hit)
The stone arrow hits the komodo dragon!
The komodo dragon is almost dead.
The komodo dragon bites you!!
* * * LOW HITPOINT WARNING * * *
Casting: Stone Arrow (safe; 1% risk of failure)
Confirm with . or Enter, or press ? or * to list all spells.
You don't have enough magic to cast this spell.
Casting: Stone Arrow (safe; 1% risk of failure)
Confirm with . or Enter, or press ? or * to list all spells.
Aiming: Sandblast (safe; 1% risk of failure)
Press: ? - help, Shift-Dir - straight line, f/p - komodo dragon
Aim: a komodo dragon (almost dead, petrifying slowly, extremely poisoned, 100% to hit)
The blast of sand hits the komodo dragon but does no damage.
The komodo dragon is almost dead.
c - 199 stones The komodo dragon bites you!
You die...

###
####≈≈##
#≈≈≈≈≈≈## #
≈...P≈≈##
≈≈P.....≈≈#
.)..#..P≈≈#
#....l≈≈#
#.@≈≈#
#.≈≈≈#
#≈≈≈##
#####


You could see a komodo dragon (petrifying, extremely poisoned).

Vanquished Creatures
  A gargoyle (D:7)
  A komodo dragon (D:8)
  Prince Ribbit (D:7)
  Grinder (D:5)
  Sigmund (D:3)
  8 yaks
  A wyvern (D:8)
  An acid dragon (D:8)
  A water moccasin (D:6)
  An orc warrior (D:5)
  2 ice beasts
  2 sky beasts
  A black bear (D:5)
  5 necrophages
  3 ogres
  3 centaurs
  A phantom (D:6)
  2 kobold brigands (D:8)
  A bullfrog (D:6)
  A wyvern zombie (D:8)
  4 scorpions
  A gnoll sergeant (D:8)
  A wyvern skeleton (D:6)
  A water moccasin skeleton (D:4)
  20 killer bees
  A wight (D:8)
  An electric eel (D:8)
  2 howler monkeys (D:6)
  2 centaur zombies (D:8)
  3 orc priests
  2 bullfrog skeletons
  4 jellies
  A gnoll shaman (D:8)
  A human zombie (D:8)
  6 orc wizards
  3 iguanas
  A scorpion zombie (D:5)
  Terence (D:2)
  A killer bee zombie (D:8)
  A mummy (D:8)
  3 howler monkey zombies
  5 gnolls (D:8)
  7 adders
  3 white imps
  A worm (D:4)
  4 dart slugs
  16 orcs
  7 ball pythons
  6 endoplasms
  3 giant cockroaches
  9 goblins
  7 hobgoblins
  3 jackals (D:1)
  8 kobolds
  3 quokkas
  4 bats
  5 frilled lizards
  4 rats
  A spectral orc (D:4)
194 creatures vanquished.

Notes
Turn   | Place    | Note
-------+----------+-------------------------------------------
     0 | D:1      | hilljack the Gargoyle Earth Elementalist began the quest
                  | for the Orb.
     0 | D:1      | Reached XP level 1. HP: 10/10 MP: 3/3
   215 | D:1      | Reached XP level 2. HP: 9/15 MP: 0/5
   336 | D:1      | Reached skill level 4 in Earth Magic
   902 | D:1      | Reached XP level 3. HP: 19/19 MP: 4/6
  1539 | D:2      | Found Baotequbb's General Store.
  1813 | D:2      | Learned a level 2 spell: Passwall
  1817 | D:2      | Learned a level 3 spell: Stone Arrow
  2010 | D:2      | Noticed Terence
  2024 | D:2      | Gained mutation: You are frail. (-10% HP) [potion of
                  | mutation]
  2059 | D:2      | Killed Terence
  2060 | D:2      | Reached skill level 5 in Earth Magic
  2060 | D:2      | Reached XP level 4. HP: 2/21 MP: 0/8
  2385 | D:2      | Found an ancient bone altar of Kikubaaqudgha.
  2391 | D:2      | Found a faded altar of an unknown god.
  3498 | D:3      | Reached skill level 1 in Conjurations
  3883 | D:3      | Noticed a centaur
  3888 | D:3      | Killed a centaur
  3889 | D:3      | Reached XP level 5. HP: 7/25 MP: 0/9
  4577 | D:3      | Noticed Sigmund
  4588 | D:3      | Killed Sigmund
  4589 | D:3      | Reached skill level 6 in Earth Magic
  4589 | D:3      | Reached XP level 6. HP: 23/28 MP: 1/10
  4798 | D:4      | Learned a level 4 spell: Petrify
  4827 | D:4      | Reached skill level 1 in Transmutations
  4999 | D:4      | Found a radiant altar of Vehumet.
  5263 | D:4      | Found a basalt altar of Yredelemnul.
  5316 | D:4      | Reached XP level 7. HP: 14/32 MP: 4/12
  5719 | D:4      | Found a shadowy altar of Dithmenos.
  5829 | D:4      | Reached skill level 7 in Earth Magic
  5982 | D:4      | Became a worshipper of Vehumet
  6056 | D:5      | Entered Level 5 of the Dungeon
  6542 | D:5      | Noticed Grinder
  6554 | D:5      | Killed Grinder
  6555 | D:5      | Reached XP level 8. HP: 34/36 MP: 9/14
  6727 | D:5      | Reached skill level 5 in Conjurations
  7106 | D:5      | Found a snail-covered altar of Cheibriados.
  7132 | D:5      | Reached skill level 8 in Earth Magic
  7383 | D:5      | Found a staircase to the Ecumenical Temple.
  7396 | Temple   | Entered the Ecumenical Temple
  7563 | D:5      | Found a burning altar of Makhleb.
  8026 | D:6      | Reached skill level 5 in Spellcasting
  8331 | D:6      | Reached XP level 9. HP: 40/40 MP: 12/16
  8535 | D:6      | Reached * piety under Vehumet
  8535 | D:6      | Offered knowledge of Foxfire by Vehumet.
  8700 | D:6      | Reached skill level 9 in Earth Magic
  9863 | D:7      | Noticed a gargoyle
  9868 | D:7      | Killed a gargoyle
  9944 | D:7      | Learned a level 4 spell: Leda's Liquefaction
  9950 | D:7      | Learned a level 5 spell: Bolt of Magma
  9978 | D:7      | Found a sparkling altar of Nemelex Xobeh.
 10128 | D:7      | Noticed Prince Ribbit
 10133 | D:7      | Killed Prince Ribbit
 10260 | D:7      | Found Kitismax's General Store.
 10266 | D:7      | Bought a potion of degeneration for 12 gold pieces
 10322 | D:7      | Reached XP level 10. HP: 40/45 MP: 8/19
 10325 | D:7      | Reached skill level 5 in Transmutations
 11029 | D:8      | Found Uvess's Antique Armour Shop.
 11040 | D:8      | Reached skill level 10 in Earth Magic
 11046 | D:8      | Reached ** piety under Vehumet
 11256 | D:8      | Offered knowledge of Magic Dart by Vehumet.
 11403 | D:8      | Found a flagged portal.
 11479 | Bailey   | Entered a bailey
 11479 | Bailey   | Noticed an orc knight
 11483 | Bailey   | Noticed an orc knight
 12160 | D:8      | Reached skill level 1 in Short Blades
 12353 | D:2      | Bought a +1 helmet of intelligence for 231 gold pieces
 12353 | D:2      | Bought a scroll of magic mapping for 49 gold pieces
 12353 | D:2      | Bought a scroll of identify for 28 gold pieces
 12538 | D:8      | Found a staircase to the Lair.
 12921 | D:8      | Found an ancient bone altar of Kikubaaqudgha.
 13091 | D:8      | Found a hide-covered altar of Uskayaw.
 13102 | D:8      | Found a basalt altar of Yredelemnul.
 13312 | D:8      | Reached skill level 5 in Stealth
 13565 | D:8      | Offered knowledge of Searing Ray by Vehumet.
 13683 | D:8      | Learned a level 2 spell: Searing Ray
 13936 | D:8      | Reached XP level 11. HP: 39/48 MP: 12/21
 13973 | D:8      | Found a radiant altar of Vehumet.
 13994 | D:8      | Reached *** piety under Vehumet
 14390 | Lair:1   | Entered Level 1 of the Lair of Beasts
 14398 | Lair:1   | Slain by a komodo dragon

Illustrated notes

Levels and vault maps discovered:
D:1:      wander_arrival_peaceful_grave, layout_basic
D:2:      layout_basic, basic_altar, shapermc_ecumenical_altar_ellora,
          serial_shops, nicolae_shop_temple_entry_statues_fountains,
          minmay_3d_cube, uniq_terence
D:3:      layout_basic, uniq_sigmund
D:4:      layout_basic, vehumet_statue, yredelemnul_forgotten_temple_becter,
          kennysheep_mini, grunt_decor_clamped
D:5:      layout_gridville, lemuel_crystal_altar, lightli_temple_of_fire,
          minmay_temple_entry_antechambers, uniq_grinder
D:6:      layout_cave_pools
D:7:      layout_gridville, nemelex_dance_club_becter, serial_shops, shop,
          uniq_prince_ribbit1
D:8:      layout_basic, lemuel_mausoleum_altar_kikubaaqudgha,
          nicolae_uskayaw_suspiria, lair_entry_dummy, enter_bailey_8,
          serial_shops, shop, nicolae_lava_and_water, hangedman_feature_mirror
Temple:   nicolae_temple_x_marks_the_god
Lair:1:   layout_loops_ring, cheibrodos_lair_caveside_slide,
          minmay_lair_oklob_chamber

Skill      XL: |  1  2  3  4  5  6  7  8  9 10 |
---------------+-------------------------------+-----
Earth Magic    | 4 5 6 7 8 9 10 | 10.2
Spellcasting   | 3 4 5 6 |  6.8
Conjurations   | 2 3 4 6 7 8 |  8.1
Transmutations | 1 2 3 4 5 |  5.3
Short Blades   | 4 |  4.8
Stealth        | 6 |  6.9
Dodging        | |  1.5

Action                   |  1- 3 |  4- 6 |  7- 9 | 10-12 || total
-------------------------+-------+-------+-------+-------++-------
Melee: Unarmed           |     1 |       |       |       ||     1
       Dagger            |    67 |   105 |    24 |   148 ||   344
       Scythe            |       |    34 |    42 |       ||    76
       Quarterstaff      |       |       |    16 |       ||    16
 Fire: Shortbow          |       |     4 |     7 |     4 ||    15
 Cast: Sandblast         |    48 |     9 |    28 |     1 ||    86
       Stone Arrow       |     3 |       |    70 |    76 ||   149
       Passwall          |       |       |     1 |       ||     1
       Petrify           |       |       |       |    14 ||    14
       Searing Ray       |       |       |       |     4 ||     4
  Use: Potion            |     3 |     1 |     1 |     3 ||     8
       Scroll            |       |     6 |     8 |     5 ||    19
 Stab: Sleeping          |     1 |     3 |       |     1 ||     5
       Petrified         |       |       |       |    25 ||    25
       Petrifying        |       |       |       |     2 ||     2
Armor: Robe              |    21 |    57 |    91 |    77 ||   246
Dodge: Dodged            |    49 |    83 |   102 |    99 ||   333
